 Dungeon Crawl Stone Soup version 0.21.0 (webtiles) character file.

3271 MovingMist the Fighter (level 10, -16/88 HPs)
             Began as a Hill Orc Fighter on Jan 7, 2018.
             Was a Priest of Beogh.
             Demolished by a red ugly thing (25 damage)
             ... on level 11 of the Dungeon.
             The game lasted 00:19:17 (6659 turns).

MovingMist the Fighter (Hill Orc Fighter)           Turns: 6659, Time: 00:19:18

Health: -16/88     AC: 12    Str: 20    XL:     10   Next: 0%
Magic:  5/15       EV: 11    Int:  8    God:    Beogh [***...]
Gold:   599        SH:  2    Dex: 13    Spells: 9/9 levels left

rFire    x . .     SeeInvis +   J - +7 halberd of Growth {chop, rElec MR+ SInv}
rCold    + . .     Gourm    .   (shield currently unavailable)
rNeg     + . .     Faith    .   k - +0 chain mail
rPois    .         Spirit   .   x - +0 helmet
rElec    +         Reflect  +   p - scarf {repulsion}
rCorr    .         Harm     .   c - +0 pair of gloves
MR       +....                  (no boots)
Stlth    ..........             s - +2 amulet of reflection
HPRegen  0.24/turn              v - ring of positive energy
MPRegen  0.14/turn              u - ring of ice

@: repel missiles
A: no striking features
a: Smiting, Renounce Religion


You were on level 11 of the Dungeon.
You worshipped Beogh.
Beogh was most pleased with you.
You were not hungry.

You visited 1 branch of the dungeon, and saw 9 of its levels.
You also visited: Ossuary.

You collected 599 gold pieces.

Inventory:

Hand Weapons
 a - a +1 war axe
 J - the +7 halberd of Growth (weapon) {chop, rElec MR+ SInv}
   (You found it in an ossuary)

   It inflicts extra damage upon your enemies.
   It insulates you from electricity.
   It affects your resistance to hostile enchantments.
   It lets you see invisible.
Armour
 c - a +0 pair of gloves (worn)
 k - a +0 chain mail (worn)
 o - a +0 pair of gloves
 p - a scarf of repulsion (worn)
 x - a +0 helmet (worn)
 G - a +0 large shield
Jewellery
 j - an uncursed ring of flight
 l - an uncursed amulet of rage {unknown}
 s - a +2 amulet of reflection (around neck)
 u - a ring of ice (right hand)
 v - a ring of positive energy (left hand)
 L - an uncursed amulet of magic regeneration {unknown}
Wands
 g - a wand of paralysis (10)
 C - a wand of iceblast (6)
 E - a wand of flame (26)
Scrolls
 h - 4 scrolls of remove curse
 i - 6 scrolls of identify
 r - a scroll of immolation
 t - a scroll of noise
 y - 2 scrolls of blinking
 z - a scroll of fear
 B - a scroll of fog
Potions
 b - 2 potions of lignification {unknown}
 d - a potion of might
 e - 4 potions of curing
 m - 2 potions of degeneration {unknown}
 n - 2 potions of mutation {unknown}
 q - a potion of brilliance {unknown}
 A - 3 potions of agility {unknown}
 D - 2 potions of berserk rage {unknown}
 H - a potion of invisibility {unknown}
 I - 2 potions of ambrosia {unknown}
Comestibles
 f - 24 rations


   Skills:
 + Level 8.2 Fighting
 - Level 7.6(7.9) Axes
 + Level 2.5(4.8) Polearms
 - Level 6.2 Armour
 + Level 6.4 Dodging
 - Level 3.2 Shields
 * Level 7.0 Invocations


You had 9 spell levels left.
You didn't know any spells.

Dungeon Overview and Level Annotations

Branches:
Dungeon (8/15)             Temple (0/1) D:6
   Lair: D:8-11

Altars:
Ashenzari
Cheibriados
Dithmenos
Elyvilon
Fedhas
Gozag
Kikubaaqudgha
Sif Muna
Trog
Yredelemnul

Shops:
D:5 (   D:7 (

Annotations:
D:11 Harold


Message History

You smite the red ugly thing!
The red ugly thing is heavily wounded.
An orc comes into view. It is wielding a club.
The red ugly thing completely misses you.
An orc comes into view. It is wielding a short sword.
The orc shouts!
You hear a shout!
The red ugly thing headbutts you!
You are engulfed in flames!!
The fire burns you terribly!
* * * LOW HITPOINT WARNING * * *
You barely miss the red ugly thing.
The red ugly thing is heavily wounded.
The red ugly thing closely misses you.
You slice the red ugly thing!!
The red ugly thing is almost dead.
The orc hits you but does no damage.
The red ugly thing headbutts you but does no damage.
The red ugly thing headbutts you.
* * * LOW HITPOINT WARNING * * *
You are engulfed in flames!!
The fire burns you terribly!
You die...

...# ...# ...#
...# ######...####
#............
..####............
.......u.[........
.....oo@....######
............#
#####+#.....#
#.....# #.....#
#.....+ #.....#
#.....#


You could see a red ugly thing and 2 orcs.

Vanquished Creatures
  Pikel (D:6)
  Sigmund (D:3)
  A yak (D:7)
  3 hogs (D:7)
  A human (D:7)
  Menkaure (D:4)
  3 ogres
  2 centaurs (D:5)
  A bullfrog (D:6)
  3 water moccasin zombies (Ossuary)
  A wyvern skeleton (D:6)
  A howler monkey (D:7)
  4 crimson imps
  A bullfrog zombie (D:5)
  The ghost of loralnil the Ruffian, a weakling VSMo (D:3)
  An orc priest (D:8)
  A jelly (D:5)
  A gnoll shaman (D:6)
  2 bullfrog skeletons (D:4)
  2 orc wizards
  7 worker ants
  3 big kobold zombies (Ossuary)
  2 mummies (Ossuary)
  8 gnolls
  14 adders
  A howler monkey skeleton (D:4)
  9 river rats (D:6)
  A shadow imp (D:6)
  2 oozes
  6 adder zombies
  3 worms
  2 dart slugs (D:1)
  2 leopard geckos
  12 orcs
  6 giant cockroaches
  9 hobgoblins
  4 jackals (D:2)
  8 quokkas
  10 ball pythons
  8 bats
  4 frilled lizards
  14 goblins
  7 hobgoblin zombies (Ossuary)
  3 kobolds
  7 kobold zombies (Ossuary)
  A leopard gecko skeleton (D:4)
  4 orc zombies (Ossuary)
  A quokka skeleton (D:4)
  20 rats
210 creatures vanquished.

Vanquished Creatures (collateral kills)
  2 orcs (D:8)
2 creatures vanquished.

Vanquished Creatures (others)
  A wizard (D:7)
  An orc priest (D:4)
  3 orcs
  A quokka (D:6)
  A frilled lizard (D:4)
  A rat (D:6)
8 creatures vanquished.

Grand Total: 220 creatures vanquished

Notes
Turn   | Place    | Note
-------+----------+-------------------------------------------
     0 | D:1      | MovingMist the Hill Orc Fighter began the quest for the Orb.
     0 | D:1      | Reached XP level 1. HP: 19/19 MP: 1/1
    87 | D:1      | Reached XP level 2. HP: 26/27 MP: 2/2
   300 | D:1      | Reached skill level 1 in Dodging
   364 | D:1      | Reached XP level 3. HP: 32/33 MP: 3/3
   478 | D:1      | Reached skill level 4 in Fighting
   807 | D:2      | Found a basalt altar of Yredelemnul.
   812 | D:2      | Found a bloodstained altar of Trog.
   815 | D:2      | Found a deep blue altar of Sif Muna.
   818 | D:2      | Found a blossoming altar of Fedhas.
   954 | D:2      | Reached XP level 4. HP: 33/40 MP: 4/4
  1271 | D:2      | Found an ancient bone altar of Kikubaaqudgha.
  1276 | D:2      | Found a snail-covered altar of Cheibriados.
  1381 | D:2      | You fall through a shaft for 2 floors!
  1530 | D:4      | Reached XP level 5. HP: 36/47 MP: 5/5
  1583 | D:3      | Noticed loralnil's ghost (weakling VSMo)
  1586 | D:3      | Killed loralnil's ghost
  1596 | D:3      | Found a shattered altar of Ashenzari.
  1949 | D:3      | Noticed Sigmund
  1956 | D:3      | Killed Sigmund
  1956 | D:3      | Reached skill level 5 in Fighting
  1956 | D:3      | Reached XP level 6. HP: 49/56 MP: 6/6
  2387 | D:4      | Became a worshipper of Beogh the Brigand
  2389 | D:4      | Found a shadowy altar of Dithmenos.
  2394 | D:4      | Reached XP level 7. HP: 34/61 MP: 7/7
  2543 | D:4      | Noticed Menkaure
  2554 | D:4      | Killed Menkaure
  2554 | D:4      | Reached skill level 5 in Axes
  2554 | D:4      | Reached skill level 5 in Armour
  3127 | D:5      | Entered Level 5 of the Dungeon
  3168 | D:5      | Found a white marble altar of Elyvilon.
  3350 | D:5      | Reached * piety under Beogh
  3350 | D:5      | Reached XP level 8. HP: 61/70 MP: 8/8
  3377 | D:5      | Reached skill level 6 in Fighting
  3772 | D:5      | Found Tair's Weapon Shoppe.
  3817 | D:5      | Reached skill level 5 in Dodging
  4738 | D:6      | Reached ** piety under Beogh
  4870 | D:6      | Noticed Pikel
  4916 | D:6      | Killed Pikel
  4916 | D:6      | Reached skill level 7 in Fighting
  4916 | D:6      | Reached XP level 9. HP: 51/79 MP: 8/11
  4974 | D:6      | Found a staircase to the Ecumenical Temple.
  5423 | D:7      | Found an opulent altar of Gozag.
  5428 | D:7      | Found a bloodstained altar of Trog.
  5430 | D:7      | Noticed a wizard
  5434 | D:7      | Killed a wizard
  5478 | D:7      | Found Onybaet's Weapon Shop.
  5538 | D:7      | Found a sand-covered staircase.
  5543 | Ossuary  | Entered an ossuary
  5602 | Ossuary  | Reached *** piety under Beogh
  5766 | Ossuary  | Reached skill level 5 in Invocations
  5796 | Ossuary  | Got a faintly glowing halberd
  5800 | Ossuary  | Identified the +7 halberd of Growth {chop, rElec MR+ SInv} (You found it in an ossuary)
  6283 | D:7      | Reached skill level 1 in Polearms
  6288 | D:7      | Reached **** piety under Beogh
  6294 | D:7      | Reached skill level 8 in Fighting
  6604 | D:8      | Reached XP level 10. HP: 73/88 MP: 15/15
  6645 | D:8      | You fall through a shaft for 3 floors!
  6645 | D:11     | Noticed Harold
  6645 | D:11     | Noticed a manticore
  6651 | D:11     | Noticed a red ugly thing
  6659 | D:11     | Demolished by a red ugly thing

Skill      XL: |  1  2  3  4  5  6  7  8  9 |
---------------+----------------------------+-----
Axes           | 3 4 5 7 |  7.6
Dodging        | 1 2 3 4 5 6 |  6.4
Fighting       | 4 5 7 8 |  8.2
Armour         | 4 5 6 |  6.2
Invocations    | 3 7 |  7.0
Polearms       | 2 |  2.5
Shields        | |  3.2

Action                   |  1- 3 |  4- 6 |  7- 9 | 10-12 || total
-------------------------+-------+-------+-------+-------++-------
Melee: War axe           |   136 |   145 |   506 |       ||   787
       Halberd           |       |       |    69 |     3 ||    72
Invok: Convert to Beogh  |       |     1 |       |       ||     1
       Smiting           |       |       |       |     4 ||     4
Evoke: Wand              |       |     2 |       |       ||     2
  Use: Scroll            |       |       |    11 |     1 ||    12
 Stab: Paralysed         |       |     3 |       |       ||     3
  Eat: Chunk             |       |     5 |     8 |     1 ||    14
       Ration            |       |       |     2 |       ||     2
Armor: Scale mail        |     9 |       |       |       ||     9
       Chain mail        |   101 |    67 |   269 |     5 ||   442
Dodge: Dodged            |    32 |    39 |   160 |     7 ||   238
       Deflected         |       |       |     2 |       ||     2
Block: Shield            |    86 |    73 |   169 |       ||   328
       Large shield      |       |       |    93 |       ||    93
       Other             |       |       |     7 |     2 ||     9
